 Dungeon Crawl Stone Soup version 0.32-a0-995-gb4a59205af (webtiles) character file.

Game seed: 3683936079386999132

154919 bmack86 the Slayer (level 17, -1/178 HPs)
             Began as a Minotaur Fighter on Apr 22, 2024.
             Was the Champion of Okawaru.
             Slain by a shock serpent (10 damage)
             ... on level 4 of the Snake Pit on Apr 23, 2024.
             The game lasted 01:10:09 (25219 turns).

bmack86 the Slayer (Minotaur Fighter)              Turns: 25219, Time: 01:10:10

Health: -1/178     AC: 28    Str: 32    XL:     17   Next: 7%
Magic:  22/22      EV:  9    Int:  7    God:    Okawaru [******]
Gold:   1327       SH: 14    Dex: 13    Spells: 16/16 levels left

rFire   . . .        p - +4 broad axe (drain)
rCold   . . .        g - +2 kite shield {reflect}
rNeg    . . .        r - +10 scale mail of Midnight {Dex+2 Slay+2}
rPois   +            c - +2 hat {SInv}
rElec   .            x - +1 cloak
rCorr   .            M - +2 pair of gloves
SInv    +            (no boots)
Will    +....        D - amulet of regeneration Stlth
                     u - ring of poison resistance
HPRegen 1.29/turn    Q - +6 ring of strength
MPRegen 0.18/turn

%: reflection
@: about to teleport, studying Armour
A: horns 2, retaliatory headbutt
a: Renounce Religion, Heroism, Finesse, Duel


You were on level 4 of the Snake Pit.
You worshipped Okawaru.
Okawaru was exalted by your worship.
You visited 5 branches of the dungeon, and saw 27 of its levels.
You also visited: Ice Cave.

You collected 2535 gold pieces.
You spent 1208 gold pieces at shops.

Inventory:

Hand Weapons
 j - the +5 hand axe of No Interval {elec, rPois}
   (You found it on level 2 of the Dungeon)

   rPois:     It protects you from poison.
 p - a +4 broad axe of draining (weapon)
 y - a +0 broad axe of chaos
Missiles
 v - a throwing net
 w - 7 silver javelins
 F - 14 boomerangs
 W - 11 javelins
Armour
 c - a +2 hat of see invisible (worn)
 g - a +2 kite shield of reflection (worn)
 o - a +2 hat of see invisible
 r - the +10 scale mail of Midnight (worn) {Dex+2 Slay+2}
   (You found it on level 4 of the Lair of Beasts)

   Dex+2:     It affects your dexterity (+2).
   Slay+2:    It affects your accuracy & damage with ranged weapons and melee
   (+2).
 t - a +2 tower shield
 x - a +1 cloak (worn)
 M - a +2 pair of gloves (worn)
Jewellery
 a - a +4 ring of protection
 k - a ring of protection from cold
 n - a +4 ring of protection
 u - a ring of poison resistance (left hand)
 D - an amulet of regeneration (around neck)
 Q - a +6 ring of strength (right hand)
Wands
 q - a wand of iceblast (18)
 E - a wand of flame (20) (quivered)
 P - a wand of paralysis (6)
 S - a wand of acid (8)
 T - a wand of mindburst (13)
Scrolls
 f - a scroll of identify
 i - 8 scrolls of teleportation
 z - 3 scrolls of blinking
 B - a scroll of fear
 I - 2 scrolls of poison
 R - 3 scrolls of revelation
 U - 2 scrolls of fog
Potions
 b - a potion of attraction
 d - 6 potions of might
 e - 11 potions of mutation
 h - 5 potions of curing
 l - 4 potions of invisibility
 m - 4 potions of lignification
 s - 5 potions of brilliance
 A - 3 potions of enlightenment
 C - 4 potions of haste
 H - 2 potions of resistance
 J - a potion of berserk rage
 K - a potion of cancellation
 V - 3 potions of heal wounds


   Skills:
 * Level 22.7 Fighting
 - Level 18.0 Axes
 - Level 10.0 Throwing
 - Level 14.3 Armour
 * Level 13.2 Shields
 - Level 8.0 Invocations


You had 16 spell levels left.
You didn't know any spells.
Your spell library contained the following spells:

 Spells                   Type           Power      Damage    Failure   Level
 Ensorcelled Hibernation  Hex/Ice        0%         N/A       86%         2
 Lesser Beckoning         Tloc           0%         N/A       86%         2
 Mercury Vapours          Alch/Air       0%         N/A       86%         2
 Scorch                   Fire           0%         2d5       86%         2
 Sublimation of Blood     Necr           0%         N/A       86%         2
 Fugue of the Fallen      Necr           0%         N/A       97%         3
 Hailstorm                Conj/Ice       0%         3d5       97%         3
 Inner Flame              Hex/Fire       0%         N/A       97%         3
 Maxwell's Portable Pile  Tloc           0%         2d(5-13)  97%         3
 Mephitic Cloud           Conj/Alch/Air  0%         N/A       97%         3
 Sigil of Binding         Hex            0%         N/A       97%         3
 Teleport Other           Tloc           0%         N/A       97%         3
 Volatile Blastmotes      Fire/Tloc      0%         2d10      97%         3
 Anguish                  Hex/Necr       0%         N/A       100%        4
 Cause Fear               Hex            0%         N/A       100%        4
 Dimensional Bullseye     Hex/Tloc       0%         N/A       100%        4
 Flame Wave               Conj/Fire      0%         2d4       100%        4
 Fulminant Prism          Conj/Alch      0%         3d5       100%        4
 Ignite Poison            Fire/Alch      0%         N/A       100%        4
 Iskenderun's Mystic Bla Conj/Tloc 0%             2d3        (+2d1     100%        4
 Sticky Flame             Fire/Alch      0%         2d4       100%        4
 Vhi's Electric Charge    Tloc/Air       0%         N/A       100%        4
 Fireball                 Conj/Fire      0%         3d3       100%        5
 Freezing Cloud           Conj/Ice/Air   0%         6-21      100%        5
 Lee's Rapid Deconstruct  Erth           0%         3d4*      100%        5
 Gell's Gavotte           Tloc           0%         2d(11-16) 100%        6
 Permafrost Eruption      Ice/Erth       0%         2x4d1     100%        6
 Magnavolt                Erth/Air       0%         3d9       100%        7
 Ignition                 Fire           0%         3d3       100%        8
 Call Imp                 Summ           Unusable   N/A       N/A         2
 Call Canine Familiar     Summ           Unusable   N/A       N/A         3
 Summon Ice Beast         Ice/Summ       Unusable   N/A       N/A         3
 Animate Armour           Summ/Erth      Unusable   N/A       N/A         4
 Sculpt Simulacrum        Ice/Alch       Unusable   N/A       N/A         6
 Summon Cactus Giant      Summ           Unusable   N/A       N/A         6
 Summon Hydra             Summ           Unusable   N/A       N/A         7
 Dragon's Call            Summ           Unusable   N/A       N/A         9

Dungeon Overview and Level Annotations

Branches:
Dungeon (15/15)            Temple (1/1) D:7            Lair (5/5) D:9
  Swamp (0/4) Lair:2        Snake (4/4) Lair:2        Slime (0/5) Lair:5
    Orc (2/2) D:11            Elf (0/3) Orc:2        Vaults (0/5) D:14
 Depths (0/4) D:15          IceCv (visited)

Altars:
Ashenzari
Cheibriados
Dithmenos
Elyvilon
Fedhas
Gozag
Hepliaklqana
Kikubaaqudgha
Makhleb
Nemelex Xobeh
Okawaru
Qazlal
Ru
Sif Muna
Trog
Uskayaw
Vehumet
Wu Jian
Xom
Yredelemnul
Zin
The Shining One
Beogh
Jiyva

Shops:
D:9 (   D:14 *   Orc:2 [!**   Snake:2 (!*(   Snake:4 [

Annotations:
D:13 36 runed translucent doors


Innate Abilities, Weirdness & Mutations

You have a pair of horns on your head.
You reflexively headbutt those who attack you in melee.


Message History

You slice the shock serpent!!
The shock serpent is severely wounded.
The shock serpent's electric aura discharges, shocking you!
* * * LOW HITPOINT WARNING * * *
The shock serpent bites you but does no damage.
A mana viper comes into view.
The naga sharpshooter shoots an arrow.
The arrow hits you!
* * * LOW HITPOINT WARNING * * *
A black mamba comes into view.
You hear a shout!
The black mamba hisses angrily.
You slash the shock serpent! Your headbutt misses the shock serpent.
The shock serpent is almost dead.
The shock serpent's electric aura discharges, shocking you!
* * * LOW HITPOINT WARNING * * *
You hear a shout!
You block the shock serpent's attack. The black mamba closely misses you.
The naga sharpshooter shoots an arrow.
The arrow barely misses you.
The shock serpent bites you but does no damage.
The naga sharpshooter spits poison at you.
The splash of poison misses you.
As you read the scroll of teleportation, it crumbles to dust.
You feel strangely unstable. You block the black mamba's attack.
The shock serpent shoots out a bolt of lightning at you!
The bolt of electricity hits you!
* * * LOW HITPOINT WARNING * * *
The bolt of electricity hits you!!
* * * LOW HITPOINT WARNING * * *
The black mamba bites you.
* * * LOW HITPOINT WARNING * * *
The naga sharpshooter shoots an arrow.
You block the arrow with your +2 kite shield of reflection... and reflect it back!
The arrow hits the naga sharpshooter!
You hear an angry hiss.
You feel much better. You block the shock serpent's attack.
The black mamba bites you but does no damage.
The shock serpent bites you!
* * * LOW HITPOINT WARNING * * *
The shock serpent shocks you!
You die...

,** **,,,,N*,,,,,,,,*,,,,,**,*,*
,,******,...,,,,,,,,,,...,**,,,,*
,,,**,,**..NN*,,,,,,*....**,,,,,,
,,,,,,,,*#..N#*,,,,*#...#*,,,,,,,
,,,,,,,,,*#...#*,,*#...##.,,,,***
,,,,,,,,,,*#.NS#**#...##..,,,**,,
,,******,,.##S..##...##...,,,*,,,
,**,**,**,..##S.S...##....,,,**,,
,*,,,,,,*,...##S@))##.....,,,**,,
,*,,,,,,*,....##))##.........#,,,
,***,,,,*,...................#,,,
,,,**+***,......##...........#,,,
,,,,,,,,,,...................#,,,
,,***,,,,,...................#,,,
,**,***,,,...................#,,,
,*,,,,+,,,...................##,,
,*,,,,*,,,....................#,,


You could see a nagaraja, 2 naga sharpshooters, a naga ritualist, a shock
serpent, 2 mana vipers and 2 black mambas.

Vanquished Creatures
  4 frost giants
  The ghost of prad the Gelid, an adept BaIE of Vehumet (Snake:2)
  An orc warlord (Orc:2)
  The ghost of Ahar the Fighter, a journeyman HONe of Kikubaaqudgha (Lair:4)
  A white draconian (IceCv)
  The ghost of mibe123 the Severer, a journeyman MiBe of Trog (D:12)
  Snorg (Lair:5)
  A quicksilver dragon zombie (D:15)
  A salamander tyrant (Snake:3)
  3 entropy weavers (Lair:4)
  8 ice dragons (IceCv)
  An entropy weaver (shapeshifter) (D:13)
  4 hydras
  3 ghost crabs (Lair:4)
  6 centaur warriors
  An ogre mage (D:15)
  4 ironbound frosthearts (IceCv)
  8 two-headed ogres
  A sphinx skeleton (D:15)
  7 anacondas
  A tengu warrior (D:14)
  4 boulder beetles
  4 death yaks
  3 shock serpents
  4 naga sharpshooters
  11 naga warriors
  Nergalle (Lair:2)
  4 fire crabs (Lair:4)
  10 skeletal warriors
  3 salamander mystics
  A sea snake (Snake:2)
  The ghost of avangion the Thaumaturge, a novice DECj of Vehumet (D:9)
  2 skysharks (Lair:5)
  4 naga ritualists
  A flayed ghost (D:15)
  An orange crystal statue (IceCv)
  A necromancer (D:15)
  3 deep elf pyromancers
  4 orc knights
  15 salamanders
  4 manticores
  4 cyclopes
  12 ugly things
  A will-o-the-wisp (Lair:2)
  5 guardian serpents
  7 naga magi
  32 black mambas
  4 kobold blastminers
  20 elephants
  An apocalypse crab (Lair:4)
  A torpor snail (Lair:2)
  A gargoyle (D:12)
  7 cane toads
  An efreet (D:15)
  A freezing wraith (D:9)
  10 komodo dragons
  11 rime drakes
  A tengu conjurer (D:15)
  7 trolls
  A polar bear (shapeshifter) (D:15)
  10 blink frogs (Lair:2)
  6 hornets
  Prince Ribbit (D:5)
  A dream sheep (Lair:5)
  17 polar bears
  A raiju (shapeshifter) (D:13)
  2 shadows (D:9)
  A spriggan skeleton (D:15)
  A wraith (D:12)
  2 centaur simulacra
  48 yaks
  16 spriggans (Lair:5)
  A wyvern (D:7)
  4 basilisks
  A fire elemental (Lair:4)
  3 steam dragons
  7 wargs
  10 vampire mosquitoes
  An acid dragon (D:11)
  30 nagas
  12 water moccasins
  35 orc warriors
  A sky beast (D:6)
  14 black bears
  An ice beast (D:6)
  9 ogres
  A laughing skull (D:13)
  33 wolves
  4 boggarts (Lair:5)
  10 centaurs
  7 kobold brigands
  3 phantoms
  4 gnoll sergeants (D:11)
  18 bullfrogs
  6 scorpions
  11 wights
  4 howler monkeys
  2 electric eels
  3 bombardier beetles
  A hound (D:6)
  Crazy Yiuf (D:5)
  12 orc priests
  3 sleepcaps
  6 iguanas
  17 orc wizards
  3 hell rats (D:9)
  2 gnolls (D:11)
  11 adders
  2 river rats (D:9)
  A shadow imp (D:5)
  A white imp (D:6)
  2 dart slugs
  4 ribbon worms
  65 orcs
  10 ball pythons
  7 endoplasms
  2 giant cockroaches
  4 goblins
  6 hobgoblins
  3 jackals (D:2)
  26 kobolds
  2 quokkas
  4 bats
  4 frilled lizards
  5 rats
812 creatures vanquished.

Vanquished Creatures (others)
  4 foxfires (Lair:2)
4 creatures vanquished.

Grand Total: 816 creatures vanquished

Notes
Turn   | Place    | Note
-------+----------+-------------------------------------------
     0 | D:1      | bmack86 the Minotaur Fighter began the quest for the Orb.
     0 | D:1      | Reached XP level 1. HP: 19/19 MP: 0/0
   166 | D:1      | Reached XP level 2. HP: 26/26 MP: 1/1
   880 | D:2      | Reached XP level 3. HP: 30/31 MP: 2/2
  1034 | D:2      | Identified the +5 hand axe of No Interval {elec, rPois}
  1354 | D:3      | Reached XP level 4. HP: 20/39 MP: 3/3
  1464 | D:3      | Reached skill level 5 in Shields
  1567 | D:3      | Found a faded altar of an unknown god.
  1675 | D:3      | Reached skill level 5 in Axes
  1988 | D:4      | Noticed a scorpion
  1998 | D:4      | Killed a scorpion
  1999 | D:4      | Reached XP level 5. HP: 43/45 MP: 4/4
  2052 | D:4      | Noticed a phantom
  2066 | D:4      | Killed a phantom
  2067 | D:4      | Reached XP level 6. HP: 44/51 MP: 5/5
  2181 | D:4      | Identified the +10 orcbow of Wusebaw {heavy, ^Drain rElec
                  | Str+2}
  2393 | D:4      | Reached XP level 7. HP: 49/57 MP: 6/6
  2543 | D:5      | Entered Level 5 of the Dungeon
  2551 | D:5      | Noticed Prince Ribbit
  2582 | D:5      | Killed Prince Ribbit
  2631 | D:5      | Reached skill level 10 in Axes
  2853 | D:5      | Reached XP level 8. HP: 52/64 MP: 7/7
  3346 | D:5      | Found a runed translucent door.
  3347 | D:5      | Noticed Crazy Yiuf
  3352 | D:5      | Killed Crazy Yiuf
  4030 | D:7      | Found a staircase to the Ecumenical Temple.
  4042 | Temple   | Entered the Ecumenical Temple
  4063 | Temple   | Became a worshipper of Warmaster Okawaru
  4234 | D:7      | Reached skill level 1 in Invocations
  4253 | D:7      | Reached skill level 4 in Fighting
  4255 | D:7      | Reached XP level 9. HP: 71/71 MP: 7/9
  4307 | D:7      | Reached * piety under Okawaru
  4331 | D:7      | Reached skill level 5 in Fighting
  4461 | D:7      | Found a shimmering blue altar of Sif Muna.
  4466 | D:7      | Found a radiant altar of Vehumet.
  4640 | D:8      | Noticed a boulder beetle
  4661 | D:8      | Killed a boulder beetle
  4871 | D:8      | Reached skill level 6 in Fighting
  5028 | D:8      | Reached ** piety under Okawaru
  5185 | D:9      | Noticed a komodo dragon
  5187 | D:9      | Found a staircase to the Lair.
  5195 | D:9      | Killed a komodo dragon
  5204 | D:9      | Reached XP level 10. HP: 78/84 MP: 9/12
  5208 | D:9      | Reached skill level 15 in Axes
  5336 | D:9      | Found Offoimm's Weapon Shop.
  5460 | D:9      | Reached *** piety under Okawaru
  5461 | D:9      | Reached skill level 7 in Fighting
  5756 | D:9      | Found a runed translucent gate.
  5756 | D:9      | Found a runed translucent gate.
  5756 | D:9      | Found a runed translucent gate.
  5758 | D:9      | Noticed avangion's ghost (novice DECj)
  5769 | D:9      | Reached skill level 5 in Invocations
  5770 | D:9      | Killed avangion's ghost
  6066 | D:10     | Entered Level 10 of the Dungeon
  6068 | D:10     | Noticed a two-headed ogre
  6080 | D:10     | Killed a two-headed ogre
  6080 | D:10     | Reached **** piety under Okawaru
  6189 | D:10     | Noticed a two-headed ogre
  6196 | D:10     | Killed a two-headed ogre
  6197 | D:10     | Reached skill level 8 in Fighting
  6646 | D:10     | Reached XP level 11. HP: 53/95 MP: 14/14
  7720 | D:11     | Identified the +8 whip of Terror {spect, rElec rF+ rC-}
  7748 | D:11     | Found a staircase to the Orcish Mines.
  7772 | D:11     | Reached skill level 9 in Fighting
  7971 | D:11     | Reached ***** piety under Okawaru
  8252 | D:12     | Noticed a two-headed ogre
  8259 | D:12     | Killed a two-headed ogre
  8391 | D:12     | Found a runed translucent door.
  8391 | D:12     | Noticed mibe123's ghost (journeyman MiBe)
  8415 | D:12     | Killed mibe123's ghost
  8538 | D:12     | Noticed a deep elf pyromancer
  8560 | D:12     | Killed a deep elf pyromancer
  8648 | D:12     | Noticed a boulder beetle
  8674 | D:12     | Killed a boulder beetle
  8674 | D:12     | Received a gift from Okawaru
  8675 | D:12     | Reached skill level 10 in Fighting
  8866 | D:12     | Noticed a boulder beetle
  8885 | D:12     | HP: 2/99 [boulder beetle (40)]
  8891 | D:12     | Killed a boulder beetle
  9160 | D:12     | Found a sacrificial altar of Ru.
  9283 | D:12     | Noticed a deep elf pyromancer
  9300 | D:12     | Killed a deep elf pyromancer
  9740 | D:13     | Noticed a brown ugly thing
  9750 | D:13     | Killed a brown ugly thing
  9751 | D:13     | Reached XP level 12. HP: 95/108 MP: 17/17
  9756 | D:13     | Reached skill level 11 in Fighting
  9908 | D:13     | Found a huge runed translucent gate.
  9908 | D:13     | Found a huge runed translucent gate.
  9908 | D:13     | Found a huge runed translucent gate.
  9908 | D:13     | Found a huge runed translucent gate.
  9908 | D:13     | Found a huge runed translucent gate.
  9908 | D:13     | Found a huge runed translucent gate.
  9908 | D:13     | Found a huge runed translucent gate.
  9908 | D:13     | Found a huge runed translucent gate.
  9909 | D:13     | Found a huge runed translucent gate.
  9910 | D:13     | Found a huge runed translucent gate.
  9910 | D:13     | Found a huge runed translucent gate.
  9911 | D:13     | Found a huge runed translucent gate.
  9911 | D:13     | Found a huge runed translucent gate.
  9911 | D:13     | Found a huge runed translucent gate.
  9914 | D:13     | Found a huge runed translucent gate.
  9915 | D:13     | Found a huge runed translucent gate.
  9915 | D:13     | Found a huge runed translucent gate.
  9925 | D:13     | Found a huge runed translucent gate.
  9925 | D:13     | Found a huge runed translucent gate.
  9925 | D:13     | Found a huge runed translucent gate.
  9926 | D:13     | Found a huge runed translucent gate.
  9926 | D:13     | Found a huge runed translucent gate.
  9930 | D:13     | Found a huge runed translucent gate.
  9931 | D:13     | Found a huge runed translucent gate.
  9932 | D:13     | Found a huge runed translucent gate.
  9932 | D:13     | Found a huge runed translucent gate.
  9936 | D:13     | Found a huge runed translucent gate.
  9937 | D:13     | Found a huge runed translucent gate.
  9938 | D:13     | Found a huge runed translucent gate.
  9939 | D:13     | Found a huge runed translucent gate.
  9939 | D:13     | Found a huge runed translucent gate.
  9945 | D:13     | Found a huge runed translucent gate.
  9946 | D:13     | Found a huge runed translucent gate.
  9946 | D:13     | Found a huge runed translucent gate.
  9946 | D:13     | Found a huge runed translucent gate.
  9946 | D:13     | Found a huge runed translucent gate.
  9987 | D:13     | Received a gift from Okawaru
 10321 | D:13     | Noticed a two-headed ogre
 10323 | D:13     | Noticed a centaur warrior
 10437 | Lair:1   | Entered Level 1 of the Lair of Beasts
 10796 | Lair:1   | Reached skill level 5 in Armour
 11284 | Lair:2   | Found a staircase to the Snake Pit.
 11437 | Lair:2   | Noticed Nergalle
 11452 | Lair:2   | Reached skill level 12 in Fighting
 11460 | Lair:2   | Killed Nergalle
 11469 | Lair:2   | Received a gift from Okawaru
 11537 | Lair:2   | Noticed a death yak
 11547 | Lair:2   | Killed a death yak
 11609 | Lair:2   | Reached skill level 13 in Fighting
 11875 | Lair:2   | Received a gift from Okawaru
 11974 | Lair:2   | Reached XP level 13. HP: 123/123 MP: 15/18
 11998 | Lair:2   | Reached skill level 14 in Fighting
 12054 | Lair:2   | Found a staircase to the Swamp.
 12829 | Lair:3   | Reached ****** piety under Okawaru
 12839 | Lair:3   | Received a gift from Okawaru
 12905 | Lair:3   | Acquired a +2 hat of see invisible
 12905 | Lair:3   | Received a gift from Okawaru
 12911 | Lair:3   | Acquired a +1 broad axe of draining
 12911 | Lair:3   | Received a gift from Okawaru
 12942 | Lair:3   | Reached skill level 1 in Throwing
 12957 | Lair:3   | Reached skill level 15 in Fighting
 13645 | Lair:4   | Found a runed translucent door.
 13652 | Lair:4   | Noticed Ahar's ghost (journeyman HONe)
 13678 | Lair:4   | Killed Ahar's ghost
 14092 | Lair:4   | Found a runed translucent door.
 14288 | Lair:4   | Identified the +0 dagger "Tossa" {flame, rF+ Str+3 Int+2}
 14534 | Lair:4   | Received a gift from Okawaru
 14555 | Lair:4   | Reached skill level 10 in Shields
 14912 | Lair:4   | Reached skill level 16 in Fighting
 14921 | Lair:4   | Received a gift from Okawaru
 15045 | Lair:4   | Identified the +10 scale mail of Midnight {Dex+2 Slay+2}
 15182 | Lair:5   | Entered Level 5 of the Lair of Beasts
 15217 | Lair:5   | Reached XP level 14. HP: 137/137 MP: 19/19
 15235 | Lair:5   | Reached skill level 10 in Armour
 15251 | Lair:5   | Noticed Snorg
 15263 | Lair:5   | Killed Snorg
 15265 | Lair:5   | Received a gift from Okawaru
 15350 | Lair:5   | Reached skill level 5 in Throwing
 15372 | Lair:5   | Reached skill level 17 in Fighting
 15849 | Lair:5   | Received a gift from Okawaru
 16002 | Lair:5   | Reached skill level 18 in Fighting
 16333 | Lair:5   | Found a viscous altar of Jiyva.
 16333 | Lair:5   | Found a staircase to the Slime Pits.
 16611 | D:13     | Identified the +1 executioner's axe of Putrescence
                  | {protect, rCorr Dex+3}
 17322 | D:14     | Reached XP level 15. HP: 140/150 MP: 18/20
 17420 | D:14     | Found Icatwi's Assorted Antiques.
 17428 | D:14     | Bought a scroll labelled DIYDAH SUSHRAST for 27 gold pieces
 17428 | D:14     | Bought a lumpy blue amulet for 135 gold pieces
 17428 | D:14     | Bought a potion of heal wounds for 135 gold pieces
 17541 | D:14     | Received a gift from Okawaru
 17552 | D:14     | Reached skill level 19 in Fighting
 17652 | D:14     | Found a gate to the Vaults.
 17653 | D:14     | Noticed a frost giant
 17664 | D:14     | Killed a frost giant
 18191 | D:15     | Entered Level 15 of the Dungeon
 18233 | D:15     | Found a staircase to the Depths.
 18553 | D:15     | Received a gift from Okawaru
 18935 | Orc:1    | Entered Level 1 of the Orcish Mines
 19621 | Orc:2    | Entered Level 2 of the Orcish Mines
 19621 | Orc:2    | Found a staircase to the Elven Halls.
 19674 | Orc:2    | Reached skill level 20 in Fighting
 19794 | Orc:2    | Received a gift from Okawaru
 19924 | Orc:2    | Found a roughly hewn altar of Beogh.
 20029 | Orc:2    | Found a roughly hewn altar of Beogh.
 20461 | Orc:2    | Found Focliamm's Distillery.
 20461 | Orc:2    | Found Qececw's Assorted Antiques.
 20463 | Orc:2    | Found Vyeg's Assorted Antiques.
 20465 | Orc:2    | Found Qairph's Antique Armour Boutique.
 20469 | Orc:2    | Bought a potion of berserk rage for 70 gold pieces
 20472 | Orc:2    | Bought a potion of heal wounds for 160 gold pieces
 20477 | Orc:2    | Bought an ichor-stained chain mail for 313 gold pieces
 20477 | Orc:2    | Identified the +0 chain mail of Fortitude {rF+} (You bought
                  | it in a shop on level 2 of the Orcish Mines)
 20809 | Snake:1  | Entered Level 1 of the Snake Pit
 20958 | Snake:1  | Found a glacial archway.
 20970 | IceCv    | Entered an ice cave
 21010 | IceCv    | Received a gift from Okawaru
 21199 | IceCv    | Reached XP level 16. HP: 156/165 MP: 21/21
 21341 | IceCv    | Reached skill level 21 in Fighting
 22064 | Snake:1  | Identified a scroll of acquirement
 22065 | Snake:1  | Acquired a manual of Armour
 22228 | Snake:1  | Identified the +1 scale mail "Nutogytz" {rElec}
 22759 | Snake:2  | Found a runed translucent door.
 23246 | Snake:2  | Found Bacane's General Store.
 23249 | Snake:2  | Found Muimeamoc's Antique Weapon Emporium.
 23249 | Snake:2  | Found Vigero's Weapon Shoppe.
 23258 | Snake:2  | Bought a scroll of enchant armour for 105 gold pieces
 23258 | Snake:2  | Found Vyqishru's Distillery.
 23266 | Snake:2  | Bought a potion of heal wounds for 60 gold pieces
 23339 | Snake:2  | Noticed prad's ghost (adept BaIE)
 23351 | Snake:2  | Killed prad's ghost
 23352 | Snake:2  | Reached skill level 10 in Throwing
 23526 | Snake:3  | Received a gift from Okawaru
 23690 | Snake:3  | Reached skill level 22 in Fighting
 23992 | Snake:3  | Received a gift from Okawaru
 24963 | Snake:4  | Entered Level 4 of the Snake Pit
 25014 | Snake:4  | Found Opnirit's Antique Armour Shop.
 25022 | Snake:3  | Reached XP level 17. HP: 152/178 MP: 22/22
 25128 | Snake:4  | Bought a runed hat for 203 gold pieces
 25218 | Snake:4  | HP: 3/178 [shock serpent/bolt of electricity (18)]
 25218 | Snake:4  | HP: 1/178 [black mamba (2)]
 25219 | Snake:4  | Slain by a shock serpent

Illustrated notes

Levels and vault maps discovered:
D:1:      heliophobic_arrival_enchanted_forest, layout_loops_ring, minivault_5
D:2:      layout_rooms, minmay_crystal_room, minmay_misc_feat_ornament
D:3:      layout_loops_ring, nicolae_ecumenical_snake_handling
D:4:      layout_cave_pools, minmay_unequal
D:5:      layout_basic, uniq_crazy_yiuf_cottage, uniq_prince_ribbit1
D:6:      layout_rooms
D:7:      layout_basic, amethyst_overflow_temple_binary,
          minmay_temple_entry_drinking_statues
D:8:      layout_loops_ring
D:9:      layout_basic, dpeg_lair_monsters, serial_shops, nicolae_shop_trees,
          gammafunk_ghost_spectres
D:10:     layout_basic, hangedman_abyss_or_decor_lesser_grid
D:11:     layout_rooms, kennysheep_orc_monster_closet_entryway, chequers_avenue
D:12:     layout_basic, hellmonk_ghost_happy_afterlife,
          nicolae_ru_great_annihilating_truth
D:13:     minmay_s_stair_smasher, layout_rooms, serial_co_window_serial,
          co_window_paths_b, co_window_paths_a, co_window_of_opportunity_a,
          co_window_paths_a, co_window_paths_a, co_window_of_opportunity_b,
          co_window_of_opportunity_c, co_window_2corner, glass_columns_c,
          door_vault
D:14:     layout_irregular_city, hellmonk_vaults_attempted_burglary,
          serial_shops, nicolae_shop_dealshenge, minivault_23
D:15:     gammafunk_depths_entry_grave, layout_rooms, minivault_23
Temple:   nicolae_temple_slightly_damp_pantheon
Lair:1:   layout_roguey
Lair:2:   layout_regular_city, minmay_swamp_entry_wisps,
          guppyfry_snake_entry_garden, beast_lair_carwin_10, uniq_nergalle
Lair:3:   layout_gridlike
Lair:4:   gammafunk_mikee_crab_dinner, layout_gridlike,
          ebering_ghost_reflecting_pool
Lair:5:   minmay_lair_end_enchanted_forest, layout_hall_layers,
          dpeg_slime_entry_enclosed, serial_forest,
          infiniplex_forest_lined_corner, infiniplex_forest_lined_4_way,
          infiniplex_forest_clump_cross, infiniplex_forest_clump_C,
          infiniplex_forest_corner_1, infiniplex_forest_lined_1,
          infiniplex_forest_corner_1, uniq_snorg
Snake:1:  layout_grid_maze, portal_ice_cave_entry_pillars_2
Snake:2:  layout_gridlike, gammafunk_ghost_grave, serial_bayou_shore_a,
          grunt_megastairs_1, minmay_shoptagon
Snake:3:  layout_honeycomb, grunt_megastairs_2, lemuel_fruit_tree
Snake:4:  johnstein_snake_rune_scales, layout_cave_town, serial_shops, shop,
          nicolae_snake_boneroom
Orc:1:    layout_caves, nicolae_orc_pool_cavern, mines5_lemuel
Orc:2:    st_orc_rangers, layout_caves, hangedman_feature_mirror

Skill      XL: |  1  2  3  4  5  6  7  8  9 10 11 12 13 14 15 16 17 |
---------------+----------------------------------------------------+-----
Shields        | 4 5 8 10 12 13 | 13.2
Axes           | 3 4 6 8 10 13 14 16 18 | 18.0
Invocations    | 1 4 6 8 |  8.0
Fighting       | 4 6 8 10 13 16 18 20 22 | 22.7
Armour         | 4 7 9 12 13 14 | 14.3
Throwing       | 4 6 9 10 | 10.0

Action                     |  1- 3 |  4- 6 |  7- 9 | 10-12 | 13-15 | 16-18 || total
---------------------------+-------+-------+-------+-------+-------+-------++-------
  Melee: War axe           |    60 |       |       |   203 |    92 |       ||   355
         Headbutt          |    10 |     9 |    37 |   101 |   201 |    94 ||   452
         Hand axe          |    18 |    78 |   178 |   234 |       |       ||   508
         Broad axe         |       |       |       |       |   731 |   367 ||  1098
  Throw: Dart              |       |       |       |     1 |     1 |       ||     2
         Javelin           |       |       |       |       |    12 |       ||    12
 Invoke: Heroism           |       |       |     1 |     9 |    13 |     2 ||    25
         Finesse           |       |       |       |     3 |     9 |     2 ||    14
         Receive Weapon    |       |       |       |       |     1 |       ||     1
         Receive Armour    |       |       |       |       |     1 |       ||     1
  Evoke: Wand              |       |       |       |       |     8 |       ||     8
    Use: Scroll            |       |     4 |    10 |    10 |     8 |     8 ||    40
         Potion            |       |       |       |     2 |       |     3 ||     5
   Stab: Paralysed         |       |       |       |     1 |       |       ||     1
         Distracted        |       |       |       |       |     2 |       ||     2
 Armour: Scale mail        |    66 |    50 |    10 |       |   620 |   375 ||  1121
         Chain mail        |       |       |    78 |       |       |       ||    78
         Plate armour      |       |       |     8 |   443 |   245 |       ||   696
  Dodge: Dodged            |    32 |    25 |    49 |   129 |   337 |   136 ||   708
  Block: Buckler           |    16 |    11 |    24 |   134 |    16 |       ||   201
         Kite shield       |       |       |       |       |   560 |   272 ||   832
         Reflection        |       |       |       |       |       |    17 ||    17

Table legend: (Time is in decaauts)
 A = Elapsed time spent in this place.
 B = Non-inter-level travel time spent in this place.
 C = Inter-level travel time spent in this place.
 D = Time resting spent in this place.
 E = Time spent auto-exploring this place.
 F = Levels seen in this place.
 G = Mean time per level.
                   A        B        C        D        E       F      G
               +--------+--------+--------+--------+--------+-----+--------+
         Total |  24764 |  23370 |   1394 |    931 |  17302 |  28 |  884.4 |
       Dungeon |  12886 |  12048 |    838 |    153 |   9758 |  15 |  859.1 |
        Temple |     42 |      2 |     40 |      0 |      0 |   1 |   42.0 |
          Lair |   5870 |   5601 |    269 |    288 |   3906 |   5 | 1174.0 |
     Snake Pit |   3610 |   3492 |    118 |    363 |   2212 |   4 |  902.5 |
  Orcish Mines |   1632 |   1504 |    128 |     29 |   1138 |   2 |  816.0 |
      Ice Cave |    721 |    721 |      0 |     98 |    287 |   1 |  721.0 |
               +--------+--------+--------+--------+--------+-----+--------+

Top non-repeatable levels by time:
  Lair:4: 1823 daAuts
    D:12: 1655 daAuts
 Snake:3: 1531 daAuts
    D:13: 1398 daAuts
    D:10: 1361 daAuts
  Lair:2: 1273 daAuts
  Lair:5: 1106 daAuts
 Snake:1: 1099 daAuts
     D:9: 981 daAuts
    D:14: 936 daAuts
   Orc:2: 867 daAuts
    D:11: 856 daAuts
  Lair:1: 851 daAuts
     D:5: 849 daAuts
 Snake:2: 823 daAuts
